[Event "Titled Tuesday Blitz January 10 Late 2023"]
[White "De Arruda, Leandro Formes"]
[Black "Sivakumar, Shaashwath"]
[WhiteFideId "22722009"]
[BlackFideId "30912156"]
[WhiteElo "1980"]
[BlackElo "2198"]
[Result "1-0"]
[Round "09"]
[TimeControl "180+2"]
[Date "2023.01.10"]
[WhiteClock "0:00:29"]
[BlackClock "0:00:01"]

1. d4 Nf6 2. Nf3 d5 3. e3 Bf5 4. Bd3 e6 5. Bxf5 exf5 6. Qd3 g6 7. Qb5+ Nbd7 8. Qxb7 Bd6 9. Qa6 O-O 10. c4 dxc4 11. Qxc4 Ne4 12. O-O Qf6 13. Nc3 Rab8 14. Nd2 Rfe8 15. Nb3 Rb4 16. Qe2 Qh4 17. f4 Ndf6 18. Bd2 Rbb8 19. Be1 Qh6 20. h3 Nxc3 21. Bxc3 Bxf4 22. Qc4 Bxe3+ 23. Kh1 Ne4 24. Rf3 Ng5 25. Qf1 Nxf3 26. Qxf3 Bg5 27. d5 Re3 28. Qf2 Rbe8 29. Nd4 Bh4 30. g3 Bxg3 31. Qg2 Bd6 32. Nf3 Re2 33. Rg1 1-0


[Site "https://www.chess.com"]

[Event "Titled Tuesday Blitz January 10 Late 2023"]
[White "Zampronha, Wladimir Camilo"]
[Black "Perez Rodriguez, Jennifer"]
[WhiteFideId "2103087"]
[BlackFideId "3507831"]
[WhiteElo "2176"]
[BlackElo "2242"]
[Result "1-0"]
[Round "09"]
[TimeControl "180+2"]
[Date "2023.01.10"]
[WhiteClock "0:00:12"]
[BlackClock "0:00:06"]

1. e4 e5 2. Nf3 Nc6 3. d4 exd4 4. Nxd4 Bb4+ 5. c3 Bc5 6. Be3 Bb6 7. Nf5 Bxe3 8. Nxe3 Nge7 9. Nd2 O-O 10. Be2 d5 11. exd5 Nxd5 12. Nxd5 Qxd5 13. O-O Be6 14. Bf3 Qd6 15. Nb3 Rad8 16. Qxd6 Rxd6 17. Nc5 Bc8 18. Rfe1 Rd2 19. Re2 Rxe2 20. Bxe2 b6 21. Nb3 Be6 22. Bb5 Ne5 23. Nd4 Bd5 24. f4 Ng6 25. g3 c5 26. Bc6 cxd4 27. Bxd5 dxc3 28. bxc3 Ne7 29. Bb3 Rc8 30. Rd1 Kf8 31. Rd7 a5 32. Rb7 Rc6 33. Rb8+ Nc8 34. Rb7 Nd6 35. Rb8+ Ke7 36. Kg2 b5 37. Bd5 Rxc3 38. Ra8 a4 39. Ra7+ Ke8 40. g4 Rd3 41. Bc6+ Kf8 42. Rd7 Rd2+ 43. Kf3 Nc4 44. Rxd2 Nxd2+ 45. Ke2 Nb1 46. Kd3 b4 47. Bxa4 Nc3 48. Bb3 Ke7 49. Kd4 Ne2+ 50. Ke5 f6+ 51. Ke4 Kd6 52. Ke3 Nc3 53. Kd4 Ne2+ 54. Ke3 Nc1 55. Bg8 Kc5 56. h4 h6 57. Kd2 Kd4 58. Kxc1 Ke4 59. Kb2 Kxf4 60. Be6 Ke5 61. Bc8 h5 62. gxh5 f5 63. Kb3 f4 64. Kxb4 f3 65. Ba6 f2 66. Kc5 Kf4 67. a4 Kg4 68. a5 Kxh4 69. Be2 1-0


[Site "https://www.chess.com"]

[Event "Titled Tuesday Blitz January 10 Late 2023"]
[White "Melikhov, Evgeny V."]
[Black "Kabilov, Amin"]
[WhiteFideId "4122046"]
[BlackFideId "14700859"]
[WhiteElo "2269"]
[BlackElo "2207"]
[Result "0-1"]
[Round "09"]
[TimeControl "180+2"]
[Date "2023.01.10"]
[WhiteClock "0:00:46"]
[BlackClock "0:01:19"]

1. d4 Nf6 2. c4 g6 3. Nc3 Bg7 4. e4 O-O 5. Be3 c6 6. e5 Ne8 7. f4 d6 8. Nf3 Bg4 9. h3 Bxf3 10. Qxf3 c5 11. O-O-O cxd4 12. Bxd4 Nc6 13. Nd5 Nxd4 14. Rxd4 e6 15. Nc3 Qb6 16. Qe3 dxe5 17. fxe5 Bh6 18. Qxh6 Qxd4 19. Be2 Qxe5 20. Bf3 Rc8 21. h4 Ng7 22. h5 g5 23. Ne4 Rxc4+ 24. Kb1 Rxe4 25. Bxe4 Qxe4+ 26. Ka1 f6 27. Rd1 Nf5 0-1


[Site "https://www.chess.com"]

[Event "Titled Tuesday Blitz January 10 Late 2023"]
[White "Roman, Rodrigo"]
[Black "Stanisz, Patryk"]
[WhiteFideId "3701220"]
[BlackFideId "1123106"]
[WhiteElo "2058"]
[BlackElo "2161"]
[Result "1-0"]
[Round "09"]
[TimeControl "180+2"]
[Date "2023.01.10"]
[WhiteClock "0:00:08"]
[BlackClock "0:00:04"]

1. e4 c5 2. Nf3 Nc6 3. Bb5 g6 4. O-O Bg7 5. Bxc6 dxc6 6. d3 Nf6 7. Be3 Nd7 8. c3 O-O 9. Nbd2 e5 10. a4 a5 11. Nc4 Qe7 12. Qb3 Re8 13. Nb6 Nxb6 14. Qxb6 Bf8 15. Nd2 Be6 16. c4 Qd8 17. Qb3 Rb8 18. Qc3 f6 19. f4 Bd6 20. f5 Bf7 21. Rf3 g5 22. g4 b6 23. Kg2 Bf8 24. Rd1 Qc7 25. h4 h6 26. hxg5 fxg5 27. Rh1 Rbd8 28. Rfh3 Rd6 29. Bf2 Bg7 30. Nf1 Red8 31. Rf3 Qe7 32. Ng3 Qf6 33. Nh5 Bxh5 34. Rxh5 R8d7 35. Rhh3 Kf8 36. Bg1 Kg8 37. Bh2 Kf8 38. Re3 Ke8 39. Qc2 Kd8 40. Rhf3 Kc7 41. Re2 Rd4 42. Bg1 R4d6 43. Qc3 Kc8 44. Rh3 Qd8 45. Kf1 Rxd3 46. Rxd3 Rxd3 47. Qc2 Rd1+ 48. Kg2 Qd3 49. Bh2 Qxc2 50. Rxc2 Kd7 51. Kf3 Rd3+ 52. Kf2 Rh3 53. Bg1 Rb3 54. Ke2 Rb4 55. Be3 Rxa4 56. Rd2+ Ke7 57. Kd3 Ra1 58. Rg2 Rf1 59. Bd2 Rf3+ 60. Kc2 Kf6 61. Rg1 Bf8 62. Rg2 Ke7 63. Rg1 Rf2 64. Kd3 a4 65. Ke3 Rh2 66. Bc3 b5 67. Bxe5 Rh3+ 68. Kf2 b4 69. Ra1 a3 70. bxa3 Rxa3 71. Rxa3 bxa3 72. Bc3 Kf7 73. e5 Bg7 74. Kf3 a2 75. Ke4 Ke7 76. f6+ Kf7 77. fxg7 Kxg7 78. Kf5 Kf7 79. Ba1 Ke7 80. e6 Kd6 81. Bf6 h5 82. gxh5 g4 83. e7 Kd7 84. Kxg4 Ke6 85. e8=Q+ Kxf6 86. Qa8 Ke5 87. Qxa2 Kd4 88. h6 Ke4 89. h7 Ke3 90. h8=Q Ke4 91. Qe2# 1-0


[Site "https://www.chess.com"]

[Event "Titled Tuesday Blitz January 10 Late 2023"]
[White "Torres Dominguez, David"]
[Black "Skaric, Djuro"]
[WhiteFideId "2220857"]
[BlackFideId "934569"]
[WhiteElo "1994"]
[BlackElo "2334"]
[Result "0-1"]
[Round "09"]
[TimeControl "180+2"]
[Date "2023.01.10"]
[WhiteClock "0:00:05"]
[BlackClock "0:01:46"]

1. e4 d6 2. Nc3 g6 3. f4 Bg7 4. Nf3 Nf6 5. Bc4 O-O 6. Bb3 c5 7. d3 a6 8. O-O b5 9. Qe1 e6 10. Qh4 d5 11. e5 Nh5 12. Qxd8 Rxd8 13. g4 Nxf4 14. Bxf4 c4 15. dxc4 dxc4 16. Rad1 Re8 17. Ne4 cxb3 18. axb3 Nc6 19. Nd6 Rf8 20. Nxc8 Raxc8 21. c3 h6 22. b4 g5 23. Bg3 Ne7 24. Rd6 Ra8 25. Ra1 Nd5 26. Raxa6 Rxa6 27. Rxa6 Rb8 28. Nd4 Ne3 29. Ra5 Nxg4 30. Rxb5 Rxb5 31. Nxb5 Nxe5 0-1


[Site "https://www.chess.com"]

[Event "Titled Tuesday Blitz January 10 Late 2023"]
[White "rikchessmx"]
[Black "Floresvillar Gonzalez, Luis Migu"]
[BlackFideId "5100542"]
[WhiteElo "2330"]
[BlackElo "2043"]
[Result "1-0"]
[Round "09"]
[TimeControl "180+2"]
[Date "2023.01.10"]
[WhiteClock "0:02:24"]
[BlackClock "0:00:02"]

1. e4 c6 2. d4 d5 3. Nc3 dxe4 4. Nxe4 Bf5 5. Ng3 Bg6 6. Nf3 Nd7 7. h4 h6 8. h5 Bh7 9. Bc4 e6 10. Qe2 Ngf6 11. Ne5 Nxe5 12. dxe5 Nd5 13. a3 Be7 14. Bd2 O-O 15. f4 b5 16. Bb3 a5 17. Ne4 Bxe4 18. Qxe4 Bh4+ 19. Kf1 a4 20. Ba2 Be7 21. Rd1 Qb6 22. Rh3 Rad8 23. c3 Rd7 24. Bb1 f5 25. exf6 Rxf6 26. Qh7+ Kf7 27. Bg6+ Rxg6 28. Qxg6+ Kf8 29. Qxe6 Rd6 30. Qe4 Rf6 31. Rf3 Qc7 32. g4 Bd6 33. g5 hxg5 34. fxg5 Rxf3+ 35. Qxf3+ Kg8 36. Kg2 Nf4+ 37. Bxf4 Bxf4 38. g6 1-0


[Site "https://www.chess.com"]

[Event "Titled Tuesday Blitz January 10 Late 2023"]
[White "Aung Thant Zin"]
[Black "Weisz, Bryan"]
[WhiteFideId "13000063"]
[BlackFideId "30934133"]
[WhiteElo "2268"]
[BlackElo "1973"]
[Result "1-0"]
[Round "09"]
[TimeControl "180+2"]
[Date "2023.01.10"]
[WhiteClock "0:00:30"]
[BlackClock "0:00:05"]

1. e4 e6 2. d4 d5 3. Nc3 Nf6 4. Bg5 Be7 5. Bxf6 Bxf6 6. Nf3 Nc6 7. e5 Bg5 8. a3 f6 9. h4 Bh6 10. Bb5 O-O 11. Bxc6 bxc6 12. Na4 fxe5 13. Nxe5 Qd6 14. g3 Rf5 15. f4 Bxf4 16. gxf4 Rxf4 17. Nc5 Ba6 18. Qd2 Raf8 19. O-O-O Rf2 20. Qg5 Be2 21. Rhg1 R8f7 22. Nxf7 Rxf7 23. Rd2 h6 24. Qg6 Bf3 25. Rf2 Qf4+ 26. Kb1 Qe3 27. Rgf1 Qe4 28. Qg3 1-0


[Site "https://www.chess.com"]

[Event "Titled Tuesday Blitz January 10 Late 2023"]
[White "Soyunlu, Narmin"]
[Black "Lopez Idarraga, Daniel Eduardo"]
[WhiteFideId "13400843"]
[BlackFideId "4405501"]
[WhiteElo "2013"]
[BlackElo "2009"]
[Result "0-1"]
[Round "09"]
[TimeControl "180+2"]
[Date "2023.01.10"]
[WhiteClock "0:00:02"]
[BlackClock "0:00:42"]

1. c4 Nf6 2. g3 e6 3. Bg2 d5 4. Nf3 dxc4 5. O-O b5 6. a4 c6 7. axb5 cxb5 8. Ne5 Nd5 9. d4 cxd3 10. Qxd3 a6 11. e4 Bd6 12. Nxf7 Kxf7 13. exd5 Ra7 14. dxe6+ Bxe6 15. Be3 Rd7 16. Qe4 Qf6 17. Nc3 Qf5 18. Rfd1 Rf8 19. Qxf5+ Bxf5 20. Nd5 Be5 21. Bd4 Bxd4 22. Rxd4 Be6 23. Rf4+ Kg8 24. Rxf8+ Kxf8 25. Nf4 Bb3 26. Rc1 Rd2 27. Rc8+ Ke7 28. Rxb8 Rd1+ 29. Bf1 g5 30. Ne2 Bc4 31. Kg2 Re1 32. Rb7+ Kf6 33. Rb6+ Kg7 34. Rb7+ Kf6 35. Rb6+ Kf7 36. Rb7+ Ke6 37. Nd4+ Kd5 38. Bxc4+ Kxd4 39. Bb3 Rb1 40. Rd7+ Kc5 41. Bf7 Rxb2 42. Rd5+ Kb4 43. Rd4+ Kc3 44. Rd6 a5 45. Rc6+ Kd4 46. Kf3 a4 47. Rd6+ Kc5 48. Rd5+ Kc6 49. Rxg5 a3 50. Bd5+ Kb6 51. Re5 b4 52. Re1 b3 53. Re3 a2 54. Re1 Rb1 55. Bxb3 a1=Q 0-1


[Site "https://www.chess.com"]

[Event "Titled Tuesday Blitz January 10 Late 2023"]
[White "Marcolino, Daniel Mattos"]
[Black "Colivet Gamboa, Julio Cesar"]
[WhiteFideId "2106841"]
[BlackFideId "3949583"]
[WhiteElo "2006"]
[BlackElo "1844"]
[Result "1-0"]
[Round "09"]
[TimeControl "180+2"]
[Date "2023.01.10"]
[WhiteClock "0:02:10"]
[BlackClock "0:02:18"]

1. d4 Nf6 2. Nf3 g6 3. g3 Bg7 4. Bg2 d6 5. O-O O-O 6. b3 c5 7. Bb2 cxd4 8. Nxd4 a6 9. c4 Qc7 10. Nc3 Nc6 11. Nxc6 bxc6 12. Qd2 Bf5 13. Rfe1 Rad8 14. e4 Be6 15. Rac1 Rfe8 16. Na4 Qb7 17. Bc3 d5 18. exd5 cxd5 19. Qb2 dxc4 20. Bxb7 Rb8 21. Bg2 cxb3 22. axb3 Rxb3 23. Qa1 Rc8 24. Be5 1-0


[Site "https://www.chess.com"]

[Event "Titled Tuesday Blitz January 10 Late 2023"]
[White "Gardezi, Arsal"]
[Black "Santos Flores, Alberto"]
[WhiteFideId "30949521"]
[BlackFideId "3601234"]
[WhiteElo "2093"]
[BlackElo "2164"]
[Result "0-1"]
[Round "09"]
[TimeControl "180+2"]
[Date "2023.01.10"]
[WhiteClock "0:00:20"]
[BlackClock "0:00:50"]

1. Nf3 c5 2. g3 g6 3. Bg2 Bg7 4. d3 Nc6 5. Nbd2 e6 6. e4 Nge7 7. O-O O-O 8. Re1 d6 9. c3 Rb8 10. Nf1 b5 11. d4 cxd4 12. cxd4 d5 13. e5 b4 14. Bg5 Ba6 15. h4 Bxf1 16. Kxf1 Qb6 17. Kg1 Nf5 18. Rc1 Ncxd4 19. Nxd4 Qxd4 20. Qxd4 Nxd4 21. Be7 Rfc8 22. Rxc8+ Rxc8 23. Bxb4 Rc2 24. Kf1 h6 25. Bc3 Nb5 26. Re2 Rc1+ 27. Re1 Rxe1+ 28. Kxe1 Nxc3 29. bxc3 Bxe5 30. Kd2 Kf8 31. Kd3 Ke7 32. g4 Kd6 33. Bf3 Kc5 34. h5 Bf6 35. Bd1 e5 36. f3 gxh5 37. gxh5 Bg5 38. Ba4 f5 39. Bd7 e4+ 40. fxe4 dxe4+ 41. Kc2 f4 42. Bf5 Kd5 43. c4+ Ke5 44. Bh3 f3 45. c5 e3 46. Kd1 e2+ 47. Ke1 Bh4+ 48. Kd2 e1=Q+ 49. Kd3 0-1


[Site "https://www.chess.com"]

[Event "Titled Tuesday Blitz January 10 Late 2023"]
[White "Gatterer, Florian"]
[Black "De Souza, Cristiano Gomes"]
[WhiteFideId "811688"]
[BlackFideId "2151758"]
[WhiteElo "2170"]
[BlackElo "2018"]
[Result "1-0"]
[Round "09"]
[TimeControl "180+2"]
[Date "2023.01.10"]
[WhiteClock "0:00:42"]
[BlackClock "0:01:09"]

1. Nf3 Nf6 2. c4 g6 3. b3 Bg7 4. Bb2 O-O 5. g3 d5 6. cxd5 Nxd5 7. Bxg7 Kxg7 8. Bg2 Nc6 9. d4 h6 10. O-O Be6 11. e4 Nf6 12. d5 Nxd5 13. exd5 Bxd5 14. Nc3 Be6 15. Qe2 Qc8 16. Rad1 Rd8 17. Ne5 Nd4 18. Qe3 c5 19. Ne2 Nxe2+ 20. Qxe2 Qc7 21. h3 Rac8 22. Nd3 b6 23. Nf4 Bf5 24. Rxd8 Rxd8 25. Rd1 Rxd1+ 26. Qxd1 e5 27. Ne2 f6 28. Nc3 Qc8 29. Kh2 Be6 30. Qd6 Qd7 31. Qxd7+ Bxd7 32. f4 exf4 33. gxf4 Bf5 34. Be4 Bxe4 35. Nxe4 Kf7 36. Nd6+ Ke6 37. Nc8 Kd5 38. Nxa7 c4 39. bxc4+ Kxc4 40. a4 Kb4 41. Nc8 Kxa4 42. Nxb6+ Kb5 43. Nd7 f5 44. h4 Kb4 45. Ne5 g5 46. fxg5 hxg5 47. h5 Kc5 48. h6 Kd6 49. h7 Ke6 50. h8=Q 1-0


[Site "https://www.chess.com"]

[Event "Titled Tuesday Blitz January 10 Late 2023"]
[White "Thiel, Thomas"]
[Black "Vasques, Antonio Pedro Freixial"]
[WhiteFideId "4615964"]
[BlackFideId "1908332"]
[WhiteElo "2234"]
[BlackElo "2214"]
[Result "0-1"]
[Round "09"]
[TimeControl "180+2"]
[Date "2023.01.10"]
[WhiteClock "0:00:20"]
[BlackClock "0:00:11"]

1. e4 c5 2. Nc3 Nc6 3. Bb5 Nd4 4. Bc4 e6 5. Nge2 Ne7 6. O-O a6 7. d3 Nec6 8. Nxd4 cxd4 9. Ne2 Be7 10. Bb3 O-O 11. f4 Na5 12. Nxd4 Bc5 13. Be3 Nxb3 14. axb3 d6 15. c3 b5 16. b4 Bb6 17. Kh1 Bb7 18. Qe2 Qh4 19. Nb3 Bc7 20. Na5 Bxa5 21. Rxa5 f5 22. e5 dxe5 23. fxe5 f4 24. Bg1 Rf5 25. d4 Rh5 26. Qf2 f3 27. gxf3 Rf8 28. Qxh4 Rxf3 29. Kg2 Rf4+ 30. Kg3 Rfxh4 31. Rf4 Rxf4 32. Kxf4 Rf5+ 33. Ke3 Rf1 34. Bf2 g5 35. Bg3 Rb1 36. Ra2 Kf7 37. Kd2 Kg6 38. Kc2 Be4+ 39. Kd2 Bb7 40. Kc2 Rg1 41. b3 Rg2+ 42. Kb1 Be4+ 43. Ka1 Rg1+ 44. Kb2 Rb1+ 45. Ka3 h5 46. Rf2 Bd5 47. c4 bxc4 48. bxc4 Bxc4 49. Rc2 Bd5 50. Rc8 h4 51. Bf2 Ra1+ 52. Kb2 Ra2+ 53. Kc3 Rxf2 0-1


[Site "https://www.chess.com"]

[Event "Titled Tuesday Blitz January 10 Late 2023"]
[White "Jodorcovsky Werjivker, Paulo"]
[Black "Abdyzhaparov, Aidar"]
[WhiteFideId "3700305"]
[BlackFideId "13800361"]
[WhiteElo "2182"]
[BlackElo "1978"]
[Result "1-0"]
[Round "09"]
[TimeControl "180+2"]
[Date "2023.01.10"]
[WhiteClock "0:00:19"]
[BlackClock "0:00:04"]

1. e4 d6 2. d4 Nf6 3. Nc3 e5 4. Nf3 Nbd7 5. Bc4 Be7 6. Be3 O-O 7. h3 c6 8. a4 b6 9. O-O a6 10. Qd2 Rb8 11. Bb3 b5 12. axb5 axb5 13. Qd3 Qc7 14. dxe5 dxe5 15. Ra7 Rb7 16. Rxb7 Bxb7 17. Ra1 Nc5 18. Bxc5 Bxc5 19. Rd1 Nh5 20. Ne2 Qb6 21. Nxe5 Bxf2+ 22. Kh1 Bc8 23. Nxf7 Qe3 24. Qd8 Qxb3 25. cxb3 Rxd8 26. Nxd8 c5 27. Nc6 Kf7 28. Rd8 Be6 29. e5 Bxb3 30. g4 Ng3+ 31. Nxg3 Bxg3 32. Rd3 Bc4 33. Rf3+ Ke8 34. Rxg3 Bd5+ 35. Kg1 Bxc6 36. Kf2 Ke7 37. Ke3 Ke6 38. Kf4 b4 39. b3 Bd5 40. h4 h6 41. g5 hxg5+ 42. hxg5 c4 43. bxc4 Bxc4 44. Ke4 b3 45. Rg1 Bd5+ 46. Kd4 Bf3 47. Rb1 Kf5 48. Rxb3 Bh5 49. Rg3 Bf7 50. Rf3+ Ke6 51. Rxf7 Kxf7 52. Kd5 Ke7 53. e6 Ke8 54. Kd6 Kd8 55. Ke5 Ke7 56. Kf5 Ke8 57. Kg6 Kf8 58. e7+ Kxe7 59. Kxg7 Ke6 60. g6 Kf5 61. Kf7 Kg5 62. g7 Kf5 63. g8=Q Ke5 64. Qg5+ Kd6 65. Qe3 Kc7 66. Qd4 Kc6 67. Ke7 Kc7 68. Qd5 Kb6 69. Qc4 Kb7 70. Qc5 Ka8 71. Qb5 1-0


[Site "https://www.chess.com"]

[Event "Titled Tuesday Blitz January 10 Late 2023"]
[White "Simonovic, Miroslav"]
[Black "Rose, Felix"]
[WhiteFideId "919152"]
[BlackFideId "5105722"]
[WhiteElo "2082"]
[BlackElo "2091"]
[Result "1/2-1/2"]
[Round "09"]
[TimeControl "180+2"]
[Date "2023.01.10"]
[WhiteClock "0:00:05"]
[BlackClock "0:00:26"]

1. d4 d5 2. Bg5 c6 3. e3 h6 4. Bh4 Qb6 5. b3 Bf5 6. Bd3 Bxd3 7. Qxd3 e6 8. f4 Nd7 9. Nd2 Be7 10. Bf2 a5 11. Ngf3 a4 12. O-O Ngf6 13. c4 O-O 14. c5 Qc7 15. b4 b5 16. cxb6 Qxb6 17. a3 Qb5 18. Qc2 Ne8 19. Rfc1 Ra6 20. Ra2 Nd6 21. Ne5 Nb8 22. Qd3 f6 23. Qxb5 cxb5 24. Ng6 Re8 25. Rc7 Bd8 26. Rc3 Kf7 27. Nh4 g5 28. Nhf3 g4 29. Ne1 Nc6 30. Nd3 Nc4 31. Nc5 Ra7 32. e4 Bb6 33. e5 Bxc5 34. bxc5 Nxd2 35. Rxd2 f5 36. Rb2 Rb8 37. Rc1 Rab7 38. Rcb1 b4 39. axb4 Rxb4 40. Rxb4 Rxb4 41. Rxb4 Nxb4 42. Be1 Nc6 43. Bc3 h5 44. g3 Ke7 45. Kf2 Kd7 46. Ke2 Kc7 47. Kd2 Kb7 48. Kc2 Ka6 49. Kb2 Kb5 50. Ka3 Kc4 51. Ba1 Kb5 52. Bb2 Na5 53. Ba1 Nc4+ 54. Ka2 Kb4 55. Bb2 Na5 56. Bc1 Nc6 57. Bb2 Nb8 58. Ba3+ Kc4 59. Bb2 Nc6 60. Ka3 Kb5 61. Bc3 Nb8 62. Bb2 Na6 63. Bc3 Nc7 64. Bb2 Ne8 65. Bc3 Ng7 66. Bb2 Ne8 67. Bc3 Nc7 68. Bb2 Na6 69. Bc3 Nb8 70. Bb2 Nd7 71. Bc3 Nf8 72. c6 Kxc6 73. Kxa4 Ng6 74. Ka5 h4 75. Kb4 h3 76. Be1 Kb6 77. Ka4 Ka6 78. Kb4 Kb6 79. Bf2 Nf8 80. Be3 Nd7 81. Bf2 Nb8 82. Ka4 Na6 83. Be1 Nc7 84. Ba5+ Kc6 85. Bxc7 Kxc7 86. Kb5 Kb7 87. Kc5 Kc7 88. Kb5 Kb7 89. Ka5 Ka7 90. Kb5 Kb7 1/2-1/2


[Site "https://www.chess.com"]

[Event "Titled Tuesday Blitz January 10 Late 2023"]
[White "Guimaraes, Wagner Peixoto"]
[Black "Ali, Kairi G."]
[WhiteFideId "2100940"]
[BlackFideId "9206655"]
[WhiteElo "2194"]
[BlackElo "1802"]
[Result "1-0"]
[Round "09"]
[TimeControl "180+2"]
[Date "2023.01.10"]
[WhiteClock "0:00:15"]
[BlackClock "0:00:16"]

1. e4 c6 2. d4 d5 3. f3 dxe4 4. fxe4 e5 5. Nf3 Bg4 6. Bc4 Nd7 7. O-O Ngf6 8. c3 Bd6 9. Nbd2 O-O 10. Qe1 h6 11. Qh4 Qe7 12. Re1 Rfe8 13. Bb3 b5 14. a4 a5 15. h3 Be6 16. Bc2 b4 17. c4 exd4 18. Nxd4 Bc5 19. Nf3 Ne5 20. Kh1 Nxf3 21. Nxf3 Rad8 22. e5 Nd7 23. Bg5 f6 24. exf6 Nxf6 25. Bxf6 Qxf6 26. Qe4 Bf7 27. Qh7+ Kf8 28. Rf1 Re2 29. Ng1 Rf2 30. Qh8+ Ke7 31. Rfe1+ Be6 32. Qh7 Rdd2 33. Be4 Qg5 34. Bf3 Rxf3 35. Rxe6+ Kxe6 36. Qe4+ Kd7 37. Qxf3 Qe3 38. Qxe3 Bxe3 39. Nf3 Bf4 40. Nxd2 Bxd2 41. Rd1 Kd6 42. Rxd2+ Kc5 43. Rd7 Kxc4 44. Rxg7 Kb3 45. Rc7 Kxb2 46. Rxc6 Ka3 47. Rxh6 b3 48. Rb6 Kxa4 49. h4 Ka3 50. h5 a4 51. h6 Ka2 52. h7 a3 53. h8=Q b2 54. Qg8+ Ka1 55. Qg6 a2 56. g4 b1=Q+ 57. Qxb1+ axb1=Q+ 58. Rxb1+ Kxb1 59. g5 Kc2 60. g6 Kb2 61. g7 Kc3 62. g8=Q Kd4 63. Qe6 Kc3 64. Kg2 Kb2 65. Qe3 Kc2 66. Qd4 Kb3 67. Kf2 Kc2 68. Ke2 Kb3 69. Qc5 Kb2 70. Qc4 Ka3 71. Qb5 Ka2 72. Kd2 Ka1 73. Kc2 1-0


[Site "https://www.chess.com"]

[Event "Titled Tuesday Blitz January 10 Late 2023"]
[White "Souza, Gustavo Horokoski De"]
[Black "Jenkins, Drake"]
[WhiteFideId "2146584"]
[BlackFideId "2022397"]
[WhiteElo "1943"]
[BlackElo "2130"]
[Result "1-0"]
[Round "09"]
[TimeControl "180+2"]
[Date "2023.01.10"]
[WhiteClock "0:00:06"]
[BlackClock "0:00:51"]

1. d4 Nf6 2. c4 c5 3. d5 b5 4. cxb5 a6 5. bxa6 Bxa6 6. Nc3 g6 7. e3 Bxf1 8. Kxf1 Bg7 9. Nf3 O-O 10. g3 d6 11. Kg2 Na6 12. Qe2 Qc7 13. a4 Rfb8 14. Nb5 Qb7 15. e4 Nd7 16. Bg5 Nb6 17. Nc3 Rf8 18. a5 Nc8 19. Rhb1 Nb4 20. Qb5 Qc7 21. Nd2 f5 22. exf5 Rxf5 23. Nc4 Rxg5 24. Nb6 Rb8 25. Qe8+ Bf8 26. Nd7 Rf5 27. Ne4 Nxd5 28. Nef6+ Nxf6 29. Qxf8# 1-0


[Site "https://www.chess.com"]

[Event "Titled Tuesday Blitz January 10 Late 2023"]
[White "Harish, Neeraj"]
[Black "Cueto, Jonny"]
[WhiteFideId "30958130"]
[BlackFideId "3300145"]
[WhiteElo "2232"]
[BlackElo "2122"]
[Result "0-1"]
[Round "09"]
[TimeControl "180+2"]
[Date "2023.01.10"]
[WhiteClock "0:01:18"]
[BlackClock "0:00:48"]

1. e4 e6 2. d4 d5 3. e5 c5 4. c3 Nc6 5. Nf3 Qb6 6. Bd3 cxd4 7. O-O dxc3 8. Nxc3 Bd7 9. Be3 Qd8 10. Rc1 Nge7 11. Bc5 Ng6 12. Bxf8 Kxf8 13. Re1 Rc8 14. Nb5 Qe7 15. Nd6 Rb8 16. Nb5 a6 17. Nbd4 Nxd4 18. Nxd4 Qb4 19. Nb3 Ke7 20. Rc7 Rhc8 21. Rxc8 Rxc8 22. Qh5 Qxe1+ 0-1


[Site "https://www.chess.com"]

[Event "Titled Tuesday Blitz January 10 Late 2023"]
[White "Smith, Garrett L"]
[Black "Dias, Joao Batista"]
[WhiteFideId "2024829"]
[BlackFideId "2108240"]
[WhiteElo "2047"]
[BlackElo "1796"]
[Result "0-1"]
[Round "09"]
[TimeControl "180+2"]
[Date "2023.01.10"]
[WhiteClock "0:00:18"]
[BlackClock "0:00:37"]

1. e4 e5 2. Nf3 Nc6 3. Bc4 Be7 4. c3 Nf6 5. d3 O-O 6. O-O d6 7. Re1 Bg4 8. h3 Bxf3 9. Qxf3 a6 10. a4 Rb8 11. Nd2 b5 12. axb5 axb5 13. Bb3 b4 14. Ba4 bxc3 15. bxc3 Na5 16. Ba3 c5 17. Nf1 Qc7 18. Ne3 Nb3 19. Ra2 Na5 20. g4 h6 21. h4 Rb7 22. Kg2 Rfb8 23. g5 hxg5 24. hxg5 Nh7 25. Rh1 Bxg5 26. Nd5 Qd8 27. Qh5 Bh6 28. Bc1 Rb1 29. Bxh6 Rxh1 30. Qxh1 gxh6 31. Qxh6 Qg5+ 32. Qxg5+ Nxg5 33. Bd7 Rb7 34. Be8 Ra7 35. Bb5 Kg7 36. c4 Nc6 37. Rxa7 Nxa7 38. Bd7 Nh7 39. Kg3 Nf6 40. Nxf6 Kxf6 41. f4 Ke7 42. Ba4 Nc8 43. Kg4 f6 44. Kf5 Nb6 45. Bb5 Na8 46. fxe5 fxe5 47. Bc6 Nc7 48. Ba4 Ne6 49. Bd1 Nf4 50. Bc2 Ne2 51. Bb1 Nc3 52. Bc2 Ne2 53. Bb1 Ng3+ 54. Kg4 Nf1 55. Bc2 Ne3+ 0-1


[Site "https://www.chess.com"]

[Event "Titled Tuesday Blitz January 10 Late 2023"]
[White "Antonio, Jorge Carlos"]
[Black "Rodrigues, Leonardo De Miranda"]
[WhiteFideId "113190"]
[BlackFideId "2108658"]
[WhiteElo "2277"]
[BlackElo "2112"]
[Result "0-1"]
[Round "09"]
[TimeControl "180+2"]
[Date "2023.01.10"]
[WhiteClock "0:01:39"]
[BlackClock "0:02:00"]

1. d4 Nf6 2. Nf3 g6 3. c4 Bg7 4. Nc3 O-O 5. e4 d6 6. Be2 Nbd7 7. O-O e5 8. dxe5 dxe5 9. h3 c6 10. b4 Qe7 11. Qb3 a5 12. b5 a4 13. Qc2 a3 14. Be3 Nh5 15. bxc6 bxc6 16. Rab1 Nf4 17. Kh2 Ne6 18. Rfd1 Nd4 19. Nxd4 exd4 20. Bxd4 Bxd4 21. Rxd4 Qe5+ 22. Kg1 Qxd4 23. Rd1 Qe5 0-1


[Site "https://www.chess.com"]

[Event "Titled Tuesday Blitz January 10 Late 2023"]
[White "Papp, Petra"]
[Black "Vargas, Mauricio"]
[WhiteFideId "739049"]
[BlackFideId "4404572"]
[WhiteElo "2343"]
[BlackElo "2035"]
[Result "1-0"]
[Round "09"]
[TimeControl "180+2"]
[Date "2023.01.10"]
[WhiteClock "0:01:57"]
[BlackClock "0:00:12"]

1. e4 d5 2. exd5 Qxd5 3. Nc3 Qa5 4. Bc4 Nf6 5. d3 c6 6. Qe2 Bg4 7. f3 Bf5 8. Bd2 Qc7 9. g4 Bg6 10. f4 e6 11. f5 Nxg4 12. Qxg4 h5 13. Qe2 Bxf5 14. O-O-O a5 15. a4 Na6 16. Rf1 Nb4 17. Rxf5 Be7 18. Rf1 1-0


[Site "https://www.chess.com"]

[Event "Titled Tuesday Blitz January 10 Late 2023"]
[White "Almedina Ortiz, Edgardo J."]
[Black "Delaere, Jeroen"]
[WhiteFideId "3100197"]
[BlackFideId "204129"]
[WhiteElo "2156"]
[BlackElo "2104"]
[Result "1-0"]
[Round "09"]
[TimeControl "180+2"]
[Date "2023.01.10"]
[WhiteClock "0:01:03"]
[BlackClock "0:00:35"]

1. d4 Nf6 2. Bf4 d6 3. Nc3 Nbd7 4. e4 e5 5. Be3 c6 6. Nf3 Be7 7. a4 O-O 8. h3 Re8 9. Bc4 h6 10. O-O Bf8 11. Re1 Nb6 12. Bb3 a5 13. dxe5 Nfd7 14. exd6 Qf6 15. e5 Nxe5 16. Nxe5 Rxe5 17. Bxb6 Bxd6 18. Ne4 Rxe4 19. Rxe4 Qg6 20. Re8+ Kh7 21. Qf3 Bxh3 22. Rxa8 Bg4 23. Qxf7 Qg5 24. Rh8+ Kxh8 25. Qg8# 1-0


[Site "https://www.chess.com"]

[Event "Titled Tuesday Blitz January 10 Late 2023"]
[White "Lutz, Igor Oscar"]
[Black "Kovacevic, Radmila"]
[WhiteFideId "2110806"]
[BlackFideId "933171"]
[WhiteElo "1969"]
[BlackElo "2106"]
[Result "0-1"]
[Round "09"]
[TimeControl "180+2"]
[Date "2023.01.10"]
[WhiteClock "0:00:06"]
[BlackClock "0:00:13"]

1. d4 e5 2. dxe5 Qe7 3. Nf3 Nc6 4. Bf4 Qb4+ 5. Bd2 Qxb2 6. Nc3 Bb4 7. Rb1 Qxc3 8. Bxc3 Bxc3+ 9. Nd2 Bxe5 10. e3 Nf6 11. Bd3 d5 12. O-O O-O 13. Nf3 Bc3 14. Nd4 Ne5 15. Rb3 Ba5 16. Be2 a6 17. Nf3 Nc4 18. h3 b5 19. Nd4 Ne4 20. Bxc4 dxc4 21. Rb1 Nd2 22. Qe2 Bb7 23. Rfd1 Nxb1 24. Rxb1 c5 25. Nf5 Be4 26. Ng3 Bg6 27. Rd1 Rad8 28. f4 Rxd1+ 29. Qxd1 Rd8 30. Qg4 Bxc2 31. Nf5 Bc3 32. Ne7+ Kf8 33. Nc6 f5 34. Qh4 Rd1+ 35. Kh2 Bf6 36. Qxh7 Be4 37. Qh8+ Kf7 38. Ne5+ Bxe5 39. fxe5 c3 40. Qc8 c2 41. e6+ Ke7 42. Qc7+ Kxe6 43. Qxc5 c1=Q 44. Qxc1 Rxc1 0-1


[Site "https://www.chess.com"]